AoeStats
← njchavesortiz

Four Lakes

508248460Analyzed
1v1 RM · 10d ago on Sep 21, 2026· 25m 25s· 2 players
Game mode
Random Map
Map size
Tiny (2 player)
Population
200
Speed
Normal
Resources
Standard
Victory
Conquest
Starting age
Dark Age
Ending age
Imperial Age
RankedLock teamsTeams togetherTeam positionsShared explorationLock speedFull tech treeHidden civsTurbo modeCheats
Victory
Defeat
🇨🇴 Khmer · Colombia
1095
+15
🇷🇺 Wei · Russia
1063
-15
Дитя Войны
2:48 Loom
11:29 Feudal Age
12:27 Double-Bit Axe
13:58 Horse Collar
15:56 Fishing Lines
21:39 Forging
26:26 Castle Age
25:02 Wheelbarrow
njchavesortiz
6:53 Loom
9:32 Feudal Age
10:13 Double-Bit Axe
11:24 Wheelbarrow
10:34 Town Watch
18:53 Castle Age
17:32 Gold Mining
18:57 Fishing Lines
20:06 Bow Saw
21:46 Husbandry
22:29 Gold Shaft Mining
22:22 Scale Barding Armor
23:21 Forging
25:37 Chain Barding Armor
25:20 Fletching
Connection lost

Rejoining the realm…

Still unreachable

The connection could not be restored.

Session expired

The server has moved on; the page needs a fresh start.